 Dungeon Crawl Stone Soup version 0.30-a0-305-g026cb31310 (webtiles) character file.

Game seed: 13801715728360908761

108 ryw the Trooper (level 4, -4/39 HPs)
             Began as a Demonspawn Monk on Oct 22, 2022.
             Slain by Grinder (5 damage)
             ... on level 3 of the Dungeon.
             The game lasted 00:07:35 (2732 turns).

ryw the Trooper (Demonspawn Monk)                   Turns: 2732, Time: 00:07:36

Health: -4/39      AC:  2    Str:  8 (11) XL:     4   Next: 58%
Magic:  4/4        EV: 13    Int: 10 (11) God:
Gold:   35         SH:  0    Dex: 18      Spells: 3/3 levels left

rFire   . . .      SeeInvis .    h - +2 hand axe (vorpal)
rCold   . . .      Faith    .    (no shield)
rNeg    . . .      Spirit   .    a - +0 robe
rPois   .          Reflect  .    (no helmet)
rElec   .          Harm     .    (no cloak)
rCorr   .          Rampage  .    (no gloves)
Will    .....                    (no boots)
Stlth   ++........               (no amulet)
HPRegen 0.26/turn                (no ring)
MPRegen 0.09/turn                (no ring)

@: no status effects
A: ignite blood 2, powered by death 1
a: no special abilities


You were on level 3 of the Dungeon.
You visited 1 branch of the dungeon, and saw 3 of its levels.

You collected 259 gold pieces.
You spent 224 gold pieces at shops.

Inventory:

Hand Weapons
 h - a +2 vorpal hand axe (weapon)
Missiles
 j - 3 poisoned darts (quivered)
Armour
 a - a +0 robe (worn)
 i - a +0 leather armour
Scrolls
 d - a scroll of identify
 e - a scroll of immolation
 f - a scroll of fog {unknown}
 g - 2 scrolls of torment {unknown}
Potions
 b - a potion of mutation


   Skills:
 + Level 5.4 Fighting
 - Level 2.6 Dodging
 - Level 1.7 Stealth
 - Level 2.6 Unarmed Combat


You had 3 spell levels left.
You didn't know any spells.
Your spell library contained the following spells:

 Spells                   Type           Power      Damage    Failure   Level
 Kindle Blastsparks       Fire/Tloc/Air  0%         2d10      75%         3
 Fulminant Prism          Conj/Hex       0%         3d6       98%         4
 Iskenderun's Mystic Bla  Conj/Tloc      0%         2d3       98%         4
 Lee's Rapid Deconstruct  Erth           0%         3d4*      100%        5


Dungeon Overview and Level Annotations

Branches:
Dungeon (3/15)

Altars:
Fedhas
Kikubaaqudgha
Qazlal

Shops:
D:1 ((

Annotations:
D:3 1 runed translucent door, Crazy Yiuf, Grinder


Innate Abilities, Weirdness & Mutations

Your demonic aura often causes spilled blood to erupt in flames.
You regenerate a little health from kills.


Message History

You suddenly lose the ability to move!
Grinder hits you!
* * * LOW HITPOINT WARNING * * *
You writhe in agony.
* * * LOW HITPOINT WARNING * * *
Grinder blinks!
Grinder gestures at you.
You shrug off the repeated paralysis!
You can move again.
It was a potion of cancellation.
You feel magically purged.
You feel better.
Grinder blinks!
Grinder blinks!
You start resting.
Grinder is nearby!
Grinder says, "You look like you could use a good racking."
Grinder blinks!
You start resting.
Grinder is nearby!
Grinder closely misses you.
You closely miss Grinder.
Grinder is severely wounded.
Grinder blinks!
Unknown command.
You start resting.
Grinder is nearby!
Grinder hits you!
* * * LOW HITPOINT WARNING * * *
You hit Grinder.
Grinder is severely wounded.
Grinder hits you!
* * * LOW HITPOINT WARNING * * *
You writhe in agony.
* * * LOW HITPOINT WARNING * * *
You slash Grinder!
Grinder is almost dead.
Grinder hits you.
* * * LOW HITPOINT WARNING * * *
You writhe in agony.
* * * LOW HITPOINT WARNING * * *
Grinder hits you.
You die...

#....>......
#...........
#..........#
#..........#
##....##...#
######.#*....
#######......##....
#..5.......ยง.......
##@####......#.....
#.####............
#.#..............#
#.#.########.....#
#.#...........##.#
#.####......####.#
#.# #.......# #.#
#.# #.......# #..
#.# #......)# #..


You could see Grinder.

Vanquished Creatures
  4 adders
  A worm (D:3)
  8 dart slugs
  An orc (D:3)
  2 endoplasms
  4 giant cockroaches
  5 goblins
  6 hobgoblins
  A quokka (D:1)
  3 ball pythons
  2 bats (D:1)
  2 frilled lizards
  7 kobolds
  8 rats
54 creatures vanquished.

Vanquished Creatures (others)
  6 fungi (D:2)
  5 plants (D:3)
  4 toadstools (D:2)
  2 withered plants (D:3)
17 creatures vanquished.

Grand Total: 71 creatures vanquished

Notes
Turn   | Place    | Note
-------+----------+-------------------------------------------
     0 | D:1      | ryw the Demonspawn Monk began the quest for the Orb.
     0 | D:1      | Reached XP level 1. HP: 18/18 MP: 1/1
   112 | D:1      | Found Coik's Antique Weapon Shop.
   207 | D:1      | Gained mutation: Your demonic aura sometimes causes spilled
                  | blood to erupt in flames. [demonic ancestry]
   207 | D:1      | Reached XP level 2. HP: 23/24 MP: 2/2
   362 | D:1      | Found Sapnem's Weapon Emporium.
   939 | D:2      | Reached skill level 4 in Fighting
  1157 | D:2      | Gained mutation: You regenerate a little health from kills.
                  | [demonic ancestry]
  1157 | D:2      | Reached XP level 3. HP: 30/30 MP: 3/3
  1383 | D:1      | Bought a blackened falchion for 224 gold pieces
  1383 | D:1      | Identified the +9 falchion of Agony {holy, rPois rCorr
                  | Str+3} (You bought it in a shop on level 1 of the Dungeon)
  1623 | D:2      | Found a faded altar of an unknown god.
  1884 | D:3      | Gained mutation: Your demonic aura often causes spilled
                  | blood to erupt in flames. [demonic ancestry]
  1884 | D:3      | Reached XP level 4. HP: 37/38 MP: 4/4
  1909 | D:3      | Reached skill level 5 in Fighting
  2293 | D:3      | Found a stormy altar of Qazlal.
  2487 | D:3      | Found a blossoming altar of Fedhas.
  2487 | D:3      | Found an ancient bone altar of Kikubaaqudgha.
  2601 | D:3      | Found a runed translucent door.
  2602 | D:3      | Noticed Crazy Yiuf
  2669 | D:3      | Noticed Grinder
  2683 | D:3      | Paralysed by Grinder for 3 turns
  2694 | D:3      | Paralysed by Grinder for 5 turns
  2732 | D:3      | HP: 1/39 [Grinder (1)]
  2732 | D:3      | Slain by Grinder

Illustrated notes

Levels and vault maps discovered:
D:1:      dpeg_arrival_radiant, layout_basic, serial_shops,
          nicolae_shop_temple_entry_statues_fountains, shop
D:2:      layout_rooms, nicolae_ecumenical_lake_church, minmay_gold_behind_fungi
D:3:      kennysheep_slugbush, layout_basic,
          grunt_temple_overflow_growth_and_decay,
          gammafunk_temple_overflow_pools, uniq_grinder, uniq_crazy_yiuf_cottage

Skill      XL: |  1  2  3  4 |
---------------+-------------+-----
Fighting       | 4 5 |  5.4
Dodging        | |  2.6
Stealth        | |  1.7
Unarmed Combat | |  2.6

Action                   |  1- 3 |  4- 6 || total
-------------------------+-------+-------++-------
Melee: Unarmed           |   151 |    56 ||   207
       Punch             |     2 |     1 ||     3
       Hand axe          |       |    23 ||    23
Throw: Dart              |     6 |       ||     6
  Use: Potion            |     2 |     6 ||     8
       Scroll            |       |     4 ||     4
 Stab: Sleeping          |     3 |     2 ||     5
Armor: Robe              |    37 |    10 ||    47
Dodge: Dodged            |   120 |    81 ||   201

Table legend: (Time is in decaauts)
 A = Elapsed time spent in this place.
 B = Non-inter-level travel time spent in this place.
 C = Inter-level travel time spent in this place.
 D = Time resting spent in this place.
 E = Time spent auto-exploring this place.
 F = Levels seen in this place.
 G = Mean time per level.
                   A        B        C        D        E       F      G
               +--------+--------+--------+--------+--------+-----+--------+
         Total |   2727 |   2414 |    313 |    401 |   1300 |   3 |  909.0 |
       Dungeon |   2727 |   2414 |    313 |    401 |   1300 |   3 |  909.0 |
               +--------+--------+--------+--------+--------+-----+--------+

Top non-repeatable levels by time:
     D:1: 1100 daAuts
     D:2: 892 daAuts
     D:3: 734 daAuts
